 Dungeon Sprint DCSS version 0.19.1 (webtiles) character file.

41 equalderp2856 the Scratcher (level 3, -4/18 HPs)
             Began as a Felid Fighter on Dec 18, 2016.
             Slain by a soldier ant (11 damage)
             ... in the Dungeon (Sprint IX: "|||||||||||||||||||||||||||||").
             The game lasted 00:02:41 (385 turns).

equalderp2856 the Scratcher (Felid Fighter)          Turns: 385, Time: 00:02:42

Health: -4/18      AC:  1    Str: 13    XL:     3   Next: 32%
Magic:  4/4        EV: 21    Int:  9    God:
Gold:   0          SH:  0    Dex: 15    Spells: 0 memorised, 2 levels left
                                        Lives:  0   Deaths: 0

rFire  . . .     SeeInvis +       - Unarmed
rCold  . . .     Gourm    .     (armour unavailable)
rNeg   . . .     Faith    .     (shield unavailable)
rPois  .         Spirit   .     (helmet unavailable)
rElec  .         Reflect  .     (cloak unavailable)
rCorr  .         Harm     .     (gloves unavailable)
MR     .....     NoTele   +     (boots unavailable)
Stlth  ++........               (no amulet)
                                (no ring)
                                (no ring)

@: quick
A: no armour, no weapons or thrown items, stealth, claws 1, fangs 3, see
invisible, carnivore 3, speed 1, shaggy fur 1, slow metabolism 1, sharp paws
a: no special abilities


You were in the Dungeon.
You were not hungry.

You visited 1 branch

Inventory:

Jewellery
 m - a +3 ring of strength
 n - a +2 ring of protection
Wands
 l - a wand of acid (7/15)
Scrolls
 h - 2 scrolls of blinking
 j - 3 scrolls of remove curse
 k - 2 scrolls of amnesia
Potions
 a - a potion of might
 c - 2 potions of curing
 d - a potion of invisibility
 e - a potion of haste
 f - 4 potions of magic
 g - a potion of berserk rage
Comestibles
 b - a meat ration


   Skills:
 + Level 4.2 Fighting
 + Level 5.6 Dodging
 + Level 2.0 Stealth
 + Level 6.2 Unarmed Combat


You had 2 spell levels left.
You didn't know any spells.

Dungeon Overview and Level Annotations

Branches:
Dungeon (1/1)

Altars:
Cheibriados
Dithmenos
Elyvilon
Fedhas
Gozag
Hepliaklqana
Kikubaaqudgha
Makhleb
Nemelex Xobeh
Okawaru
Qazlal
Ru
Sif Muna
Trog
Uskayaw
Vehumet
Xom
Yredelemnul
Zin
The Shining One
Beogh
Jiyva
Lugonu


Innate Abilities, Weirdness & Mutations

You cannot wear armour.
You are incapable of wielding weapons or throwing items.
Your paws allow you to move quietly. (Stealth)
You have sharp claws.
You have razor-sharp teeth.
You have supernaturally acute eyesight. (SInv)
You are carnivorous and can eat meat at any time.
You cover ground quickly.
You are covered in fur. (AC +1)
You have a slow metabolism.
Your sharp claws are effective at attacking unaware monsters.


Message History

You are lethally poisoned!
The soldier ant poisons you!
You scratch the soldier ant.
The soldier ant is heavily wounded.
You feel sick. The soldier ant barely misses you.
You scratch the soldier ant but do no damage.
Your bite misses the soldier ant.
The soldier ant is heavily wounded.
You feel sick. The soldier ant stings you.
* * * LOW HITPOINT WARNING * * *
You feel better. The soldier ant closely misses you.
You scratch the soldier ant but do no damage.
The soldier ant is heavily wounded.
The orc wizard gestures wildly while chanting.
The orc wizard blinks!
The soldier ant stings you.
You scratch the soldier ant.
The soldier ant is heavily wounded.
The soldier ant stings you!
Ouch! That really hurt!
You die...

▓+▓
▓o▓
▓O▓
▓t▓
▓h▓
▓W▓
▓a▓
▓@▓
▓.▓
▓.▓
▓[▓
▓[▓
▓[▓
▓)▓
▓|▓
▓.▓


You could see a hungry ghost, a soldier ant, a crocodile, an ogre, a howler
monkey and an orc wizard.

Vanquished Creatures
  A quasit (D)
  A leopard gecko (D)
  A bat skeleton (D)
  A hobgoblin (D)
  A quokka (D)
  A bat (D)
  A kobold (D)
  A leopard gecko zombie (D)
  2 rats (D)
10 creatures vanquished.

Notes
Turn   | Place    | Note
-------+----------+-------------------------------------------
     0 | D        | equalderp2856 the Felid Fighter began the quest for the Orb.
     0 | D        | Reached XP level 1. HP: 10/10 MP: 2/2
    24 | D        | Noticed a quasit
    42 | D        | Killed a quasit
    42 | D        | Reached skill level 5 in Dodging
    42 | D        | Reached skill level 6 in Unarmed Combat
    42 | D        | Reached XP level 2. HP: 6/15 MP: 3/3
    42 | D        | Reached XP level 3. HP: 7/18 MP: 4/4
   238 | D        | Found a roughly hewn altar of Beogh.
   238 | D        | Found a snail-covered altar of Cheibriados.
   238 | D        | Found a shadowy altar of Dithmenos.
   238 | D        | Found a white marble altar of Elyvilon.
   238 | D        | Found a blossoming altar of Fedhas.
   238 | D        | Found an opulent altar of Gozag.
   239 | D        | Found a hazy altar of Hepliaklqana.
   240 | D        | Found a viscous altar of Jiyva.
   241 | D        | Found an ancient bone altar of Kikubaaqudgha.
   242 | D        | Found a corrupted altar of Lugonu.
   243 | D        | Found a burning altar of Makhleb.
   244 | D        | Found a sparkling altar of Nemelex Xobeh.
   245 | D        | Found an iron altar of Okawaru.
   246 | D        | Found a stormy altar of Qazlal.
   247 | D        | Found a sacrificial altar of Ru.
   260 | D        | Found a deep blue altar of Sif Muna.
   261 | D        | Found a bloodstained altar of Trog.
   262 | D        | Found a hide-covered altar of Uskayaw.
   263 | D        | Found a radiant altar of Vehumet.
   264 | D        | Found a shimmering altar of Xom.
   265 | D        | Found a basalt altar of Yredelemnul.
   266 | D        | Found a glowing silver altar of Zin.
   267 | D        | Found a glowing golden altar of the Shining One.
   356 | D        | Noticed an ogre
   356 | D        | Noticed a crocodile
   356 | D        | Noticed a hungry ghost
   356 | D        | Noticed a soldier ant
   385 | D        | Slain by a soldier ant

Skill      XL: |  1 |
---------------+----+-----
Fighting       | 4 |  4.2
Dodging        | 5 |  5.6
Stealth        | 2 |  2.0
Unarmed Combat | 6 |  6.2

Action                   || total
-------------------------++-------
Melee: Unarmed           ||    55
       Bite              ||     4
       Punch             ||     1
  Use: Potion            ||     6
 Stab: Sleeping          ||     3
Armor: Skin              ||     3
Dodge: Dodged            ||    74
